 Dungeon Crawl Stone Soup version 0.31-a0-744-gbc345e7fcb (webtiles) character file.

Game seed: 11260554277971559315

79 Tarias the Trooper (level 4, 0/41 HPs)
             Began as a Minotaur Fighter on Sept 13, 2023.
             Succumbed to an orc's poison
             ... on level 3 of the Dungeon.
             The game lasted 00:01:57 (1514 turns).

Tarias the Trooper (Minotaur Fighter)               Turns: 1514, Time: 00:01:57

Health: 0/41       AC:  7    Str: 20    XL:     4   Next: 16%
Magic:  3/3        EV:  9    Int:  7    God:
Gold:   90         SH:  4    Dex: 10    Spells: 3/3 levels left

rFire   . . .        a - +0 war axe
rCold   . . .        c - +0 buckler
rNeg    . . .        b - +0 scale mail
rPois   .            (helmet restricted)
rElec   .            (no cloak)
rCorr   .            (no gloves)
SInv    .            (no boots)
Will    .....        (no amulet) Stlth
                     (no ring)
HPRegen 0.26/turn    (no ring)
MPRegen 0.08/turn

%: no passive effects
@: lethally poisoned (0 -> -3), attractive, invisible
A: horns 2, retaliatory headbutt
a: no special abilities


You were on level 3 of the Dungeon.
You visited 1 branch of the dungeon, and saw 3 of its levels.

You collected 90 gold pieces.

Inventory:

Hand Weapons
 a - a +0 war axe (weapon)
Armour
 b - a +0 scale mail (worn)
 c - a +0 buckler (worn)
Scrolls
 f - 4 scrolls of identify {unknown}
Potions
 d - 2 potions of might


   Skills:
 + Level 4.4 Fighting
 + Level 3.4 Axes
 + Level 4.3 Armour
 + Level 4.3 Shields


You had 3 spell levels left.
You didn't know any spells.
Your spell library was empty.

Dungeon Overview and Level Annotations

Branches:
Dungeon (3/15)

Altars:
Gozag

Shops:
D:2 [


Innate Abilities, Weirdness & Mutations

You have a pair of horns on your head.
You reflexively headbutt those who attack you in melee.


Message History

It was a potion of attraction.
You feel attractive to monsters.
You feel sick. The orc hits you but does no damage.
You are more poisoned.
The orc wizard points at you and mumbles some strange words.
The puff of flame hits you.
* * * LOW HITPOINT WARNING * * *
The orc hits you with a +0 dagger.
* * * LOW HITPOINT WARNING * * *
It was a potion of curing.
You feel better. The orc hits you but does no damage.
You are poisoned.
The orc wizard hits you with a +0 dagger.
* * * LOW HITPOINT WARNING * * *
The orc hits you but does no damage.
It was a potion of invisibility.
You fade into invisibility!
* * * LOW HITPOINT WARNING * * *
You feel very sick. You block the orc's attack.
The orc wizard hits you with a +0 dagger.
* * * LOW HITPOINT WARNING * * *
The orc hits you but does no damage.
* * * LOW HITPOINT WARNING * * *
You feel sick. You block the orc's attack. The orc wizard barely misses you.
You block the orc's attack.
You climb downwards.
* * * LOW HITPOINT WARNING * * *
You feel sick.
There is a stone staircase leading up here.
You hit the orc wizard but do no damage.
Your headbutt misses the orc wizard. You hit the orc. You barely miss the orc.
* * * LOW HITPOINT WARNING * * *
You feel sick. You block the orc wizard's attack. The orc barely misses you.
You furiously retaliate!
You headbutt the orc!
You kill the orc!
The orc hits you but does no damage.
The orc wizard hits you but does no damage.
You completely miss the orc wizard. You closely miss the orc.
You die...

#..........#
#..........#
#..........#
###..........#
.............#
#.....?....#
#..........#
##....o.....#
#...o@)...).####
#.#####...##...##
. ##..........#
#............
###............
.##.............
........).......
...........#...
.......##..####


You could see an orc wizard (unable to see you) and an orc (unable to see you).

Vanquished Creatures
  An orc wizard (D:3)
  A worm (D:2)
  2 dart slugs (D:1)
  6 orcs
  4 ball pythons
  2 endoplasms
  A giant cockroach (D:1)
  5 goblins
  4 hobgoblins
  3 jackals (D:1)
  A quokka (D:3)
  A bat (D:2)
  2 frilled lizards (D:2)
  3 kobolds
  3 rats
39 creatures vanquished.

Notes
Turn   | Place    | Note
-------+----------+-------------------------------------------
     0 | D:1      | Tarias the Minotaur Fighter began the quest for the Orb.
     0 | D:1      | Reached XP level 1. HP: 19/19 MP: 0/0
   321 | D:1      | Reached XP level 2. HP: 27/27 MP: 1/1
   372 | D:1      | Found a faded altar of an unknown god.
   810 | D:2      | Reached XP level 3. HP: 33/33 MP: 2/2
   831 | D:2      | Found Zaall's Armour Shop.
   946 | D:2      | Found an opulent altar of Gozag.
  1391 | D:3      | Reached XP level 4. HP: 19/41 MP: 3/3
  1513 | D:3      | HP: 2/41 [poisoned by an orc]
  1514 | D:3      | Succumbed to an orc's poison

Illustrated notes

Levels and vault maps discovered:
D:1:      dpeg_chamrin_arrival_tetris, layout_loops_ring,
          ebering_ecumenical_altar_abandoned
D:2:      layout_loops_ring, serial_shops, nicolae_shop_hallway_plus,
          basic_altar, nicolae_kite_square_tiling_tiny
D:3:      layout_rooms

Skill      XL: |  1  2 |
---------------+-------+-----
Fighting       | 4 |  4.4
Armour         | 4 |  4.3
Shields        | 4 |  4.3
Axes           | 3 |  3.4

Action                     |  1- 3 |  4- 6 || total
---------------------------+-------+-------++-------
  Melee: War axe           |    61 |     8 ||    69
         Headbutt          |     3 |     1 ||     4
    Use: Potion            |       |     3 ||     3
 Armour: Scale mail        |    55 |    23 ||    78
  Dodge: Dodged            |    38 |     4 ||    42
  Block: Buckler           |    12 |     7 ||    19

Table legend: (Time is in decaauts)
 A = Elapsed time spent in this place.
 B = Non-inter-level travel time spent in this place.
 C = Inter-level travel time spent in this place.
 D = Time resting spent in this place.
 E = Time spent auto-exploring this place.
 F = Levels seen in this place.
 G = Mean time per level.
                   A        B        C        D        E       F      G
               +--------+--------+--------+--------+--------+-----+--------+
         Total |   1542 |   1502 |     40 |     19 |   1268 |   3 |  514.0 |
       Dungeon |   1542 |   1502 |     40 |     19 |   1268 |   3 |  514.0 |
               +--------+--------+--------+--------+--------+-----+--------+

Top non-repeatable levels by time:
     D:1: 777 daAuts
     D:2: 632 daAuts
     D:3: 132 daAuts
